 Dungeon Crawl Stone Soup version 0.28-a0-474-g535839065c (webtiles) character file.

Game seed: 14074773109684232568

24 sleeves the Conjurer (level 2, -1/19 HPs)
             Began as a Demonspawn Conjurer on Sept 16, 2021.
             Slain by a hobgoblin (2 damage)
             ... on level 1 of the Dungeon.
             The game lasted 00:01:32 (578 turns).

sleeves the Conjurer (Demonspawn Conjurer)           Turns: 578, Time: 00:01:33

Health: -1/19      AC:  2    Str:  7    XL:     2   Next: 79%
Magic:  1/5        EV: 12    Int: 19    God:
Gold:   27         SH:  0    Dex: 13    Spells: 4/5 levels left

rFire   . . .      SeeInvis .   d - +0 whip
rCold   . . .      Faith    .   (no shield)
rNeg    . . .      Spirit   .   a - +0 robe
rPois   .          Reflect  .   (no helmet)
rElec   .          Harm     .   (no cloak)
rCorr   .          Rampage  .   (no gloves)
Will    .....                   (no boots)
Stlth   +++.......              (no amulet)
HPRegen 0.06/turn               (no ring)
MPRegen 0.09/turn               (no ring)

@: no status effects
A: thin skeletal structure 1
a: no special abilities


You were on level 1 of the Dungeon.
You visited 1 branch of the dungeon, and saw 1 of its levels.

You collected 27 gold pieces.

Inventory:

Hand Weapons
 d - a +0 whip (weapon)
   (You took it off a kobold on level 1 of the Dungeon)
Armour
 a - a +0 robe (worn)
Jewellery
 c - an amulet of guardian spirit
   (You took it off a kobold on level 1 of the Dungeon)
Scrolls
 b - a scroll of blinking {unknown}
 e - a scroll of identify {unknown}


   Skills:
 - Level 1.7 Dodging
 - Level 1.7 Stealth
 - Level 2.0 Spellcasting
 + Level 4.9 Conjurations


You had 4 spell levels left.
You knew the following spells:

 Your Spells              Type           Power      Damage    Failure   Level
a - Magic Dart            Conj           80%        1d7       2%          1

Your spell library contained the following spells:

 Spells                   Type           Power      Damage    Failure   Level
 Searing Ray              Conj           40%        2d5       3%          2
 Dazzling Flash           Conj/Hex       22%        N/A       19%         3
 Fulminant Prism          Conj/Hex       5%         3d7       52%         4
 Iskenderun's Mystic Bla  Conj/Tloc      11%        2d4       52%         4


Dungeon Overview and Level Annotations

Branches:
Dungeon (1/15)

Altars:


Innate Abilities, Weirdness & Mutations

You have a somewhat thin skeletal structure. (Dex +2, Stealth+)


Message History

You add the spells Magic Dart, Searing Ray, Dazzling Flash, Fulminant Prism and Iskenderun's Mystic Blast to your library.
Welcome, sleeves the Demonspawn Conjurer.
The bosom of this dungeon contains the awesome artefact, the Orb of Zot.
Press ? for a list of commands and other information.
Found a staircase leading out of the dungeon.
Okay, then.
There's nothing to open nearby.
Unknown command.
A jackal comes into view.
Found a scroll labelled CUANTUA ONUME.
A jackal is nearby!
A jackal is nearby!
A jackal is nearby!
The magic dart hits the jackal.
The jackal is heavily wounded.
The jackal barks!
A jackal is nearby!
A jackal is nearby!
A jackal is nearby!
The magic dart hits the jackal.
The jackal is almost dead.
A jackal comes into view.
The jackal moves out of view.
The magic dart hits the jackal.
You kill the jackal!
A rat comes into view.
A rat is nearby!
A rat is nearby!
A rat is nearby!
You start resting.
A kobold comes into view. It is wielding a +0 whip.
You start resting.
A kobold is nearby!
You start resting.
A kobold is nearby!
A kobold is nearby!
A kobold is nearby!
You start resting.
Magic restored.
A rat is nearby!
A rat is nearby!
A rat is nearby!
The magic dart hits the rat.
You kill the rat!
b - a scroll labelled CUANTUA ONUME A jackal is nearby!
A jackal is nearby!
A jackal is nearby!
The magic dart hits the jackal.
The jackal is severely wounded.
The jackal barks!
The magic dart hits the jackal but does no damage.
The jackal is severely wounded.
A jackal is nearby!
A jackal is nearby!
The magic dart hits the jackal.
You kill the jackal!
You are too depleted to draw on your mana recklessly!
A kobold is nearby!
A kobold is nearby!
A kobold is nearby!
The kobold shouts!
A kobold is nearby!
The magic dart hits the kobold but does no damage.
The magic dart hits the kobold.
You kill the kobold!
You are too depleted to draw on your mana recklessly!
c - an amulet of guardian spirit
Things that are here:
a +0 whip; 3 stones; a kobold corpse A kobold comes into view.
It is wielding a +0 whip.
Things that are here:
a +0 whip; 3 stones; a kobold corpse
d - a +0 whip
d - a +0 whip (weapon)
A kobold is nearby!
A kobold is nearby!
A kobold is nearby!
The magic dart hits the kobold.
The kobold is moderately wounded.
The kobold shouts!
The magic dart hits the kobold but does no damage.
The kobold is moderately wounded.
The magic dart hits the kobold.
You kill the kobold!
No target in view!
Things that are here:
a +0 whip; 3 stones; a kobold corpse You now have 13 gold pieces.
An endoplasm comes into view.
An endoplasm is nearby!
The magic dart hits the endoplasm.
The endoplasm is severely wounded.
The endoplasm quivers.
The magic dart hits the endoplasm.
You kill the endoplasm!
You open the door.
A frilled lizard comes into view.
Found a faded altar of an unknown god.
The magic dart hits the frilled lizard.
The frilled lizard is heavily wounded.
The frilled lizard hisses angrily.
You are too depleted to draw on your mana recklessly!
There is an open door here.
You barely miss the frilled lizard.
The frilled lizard is heavily wounded.
The frilled lizard bites you but does no damage.
You miss the frilled lizard.
The frilled lizard is heavily wounded.
The frilled lizard closely misses you.
You closely miss the frilled lizard.
The frilled lizard is heavily wounded.
The frilled lizard closely misses you.
You miss the frilled lizard.
The frilled lizard is heavily wounded.
The frilled lizard bites you.
You miss the frilled lizard.
The frilled lizard is heavily wounded.
The frilled lizard barely misses you.
The frilled lizard completely misses you.
You hit the frilled lizard.
You kill the frilled lizard!
No target in view!
You can't see any susceptible monsters within range! (Use Z to cast anyway.)
You can't see any susceptible monsters within range! (Use Z to cast anyway.) HP restored.
You see here a frilled lizard corpse.
There is a faded altar of an unknown god here.
You open the door.
There is an open door here.
A goblin comes into view. It is wielding a +0 club.
A goblin is nearby!
A goblin is nearby!
A goblin is nearby!
The magic dart hits the goblin.
The goblin is heavily wounded.
The magic dart hits the goblin.
You kill the goblin!
You have reached level 2!
Your demonic ancestry asserts itself...
Your bones become slightly less dense.
Found a stone staircase leading down.
A bat comes into view.
Found 14 gold pieces.
The magic dart hits the bat.
The bat is heavily wounded.
The magic dart hits the bat.
You kill the bat!
You can't see any susceptible monsters within range! (Use Z to cast anyway.)
Things that are here:
a +0 club; a goblin corpse
e - a scroll labelled HATWOU DU ESHA You now have 27 gold pieces (gained 14).
A goblin comes into view. It is wielding a +0 club.
A goblin is nearby!
The magic dart hits the goblin.
You kill the goblin!
You can't see any susceptible monsters within range! (Use Z to cast anyway.)
You can't see any susceptible monsters within range! (Use Z to cast anyway.)
There is a stone staircase leading down here.
Found 11 sling bullets.
There is a stone staircase leading down here.
You open the door.
There is an open door here.
A goblin comes into view. It is wielding a +0 dagger.
A goblin is nearby!
A goblin is nearby!
The magic dart hits the goblin.
The goblin is heavily wounded.
The goblin shouts!
You hear a bark!
You hear a shout!
The magic dart hits the goblin.
You kill the goblin!
You can't see any susceptible monsters within range! (Use Z to cast anyway.)
You can't see any susceptible monsters within range! (Use Z to cast anyway.)
A jackal comes into view.
A jackal is nearby!
A jackal is nearby!
A jackal is nearby!
The magic dart hits the jackal.
The jackal is severely wounded.
The magic dart hits the jackal.
You kill the jackal!
You can't see any susceptible monsters within range! (Use Z to cast anyway.)
You can't see any susceptible monsters within range! (Use Z to cast anyway.)
A rat comes into view.
A rat is nearby!
A rat is nearby!
The magic dart hits the rat.
The rat is severely wounded.
The magic dart hits the rat but does no damage.
The rat is severely wounded.
The magic dart hits the rat.
You kill the rat!
You can't see any susceptible monsters within range! (Use Z to cast anyway.)
A goblin comes into view. It is wielding a +0 dagger.
A goblin is nearby!
A goblin is nearby!
A goblin is nearby!
The magic dart hits the goblin.
You kill the goblin!
You can't see any susceptible monsters within range! (Use Z to cast anyway.)
You can't see any susceptible monsters within range! (Use Z to cast anyway.) No target in view!
Things that are here:
a +0 dagger; a goblin corpse You see here a rat corpse.
Found a stone staircase leading down.
Things that are here:
a +0 dagger; a goblin corpse A giant cockroach and a kobold come into view.
The magic dart hits the kobold but does no damage.
The kobold shouts!
You hear a shout! x2
The magic dart hits the kobold.
You kill the kobold!
The magic dart hits the giant cockroach.
The giant cockroach is moderately wounded.
The magic dart hits the giant cockroach.
The giant cockroach is severely wounded.
A ball python comes into view.
A goblin comes into view. It is wielding a +0 dagger.
The magic dart hits the giant cockroach.
The giant cockroach is almost dead.
The ball python hisses angrily.
The goblin shouts!
* * * LOW MAGIC WARNING * * *
The giant cockroach closely misses you.
A frilled lizard comes into view.
You are too depleted to draw on your mana recklessly!
You are too depleted to draw on your mana recklessly!
The frilled lizard hisses angrily.
You hit the giant cockroach but do no damage.
The giant cockroach is almost dead.
The giant cockroach bites you but does no damage.
You hit the giant cockroach.
You kill the giant cockroach!
A rat comes into view.
A goblin comes into view. It is wielding a +0 dagger.
The goblin hits you with a +0 dagger.
You completely miss the goblin. The goblin hits you with a +0 dagger.
A hobgoblin comes into view.
You hit the goblin.
The goblin is moderately wounded.
The goblin barely misses you.
You barely miss the goblin.
The goblin is moderately wounded.
The goblin hits you but does no damage.
You hit the goblin.
The goblin is severely wounded.
The goblin hits you but does no damage.
You hit the goblin but do no damage.
The goblin is severely wounded.
The goblin closely misses you.
You hit the goblin.
You kill the goblin!
The ball python barely misses you. x2
You hit the ball python.
The ball python is heavily wounded.
The ball python closely misses you. The ball python barely misses you.
You closely miss the ball python.
The ball python is heavily wounded.
The ball python barely misses you. The ball python grabs you.
The ball python constricts you.
You barely miss the ball python.
The ball python is heavily wounded.
The ball python barely misses you. The ball python constricts you.
The ball python bites you. The ball python constricts you.
You are too injured to fight recklessly!
You are too injured to fight recklessly!
You are too injured to fight recklessly!
You are too injured to fight recklessly!
You are too injured to fight recklessly!
Casting: Magic Dart (safe; 2% risk of failure)
Confirm with . or Enter, or press ? or * to list all spells.
Aiming: Magic Dart (safe; 2% risk of failure)
Press: ? - help, Shift-Dir - straight line, f - ball python
Aim: a ball python (heavily wounded, constricting you, 100% to hit)
The magic dart hits the ball python!
You kill the ball python!
* * * LOW MAGIC WARNING * * *
You closely miss the frilled lizard. The frilled lizard closely misses you.
You hit the frilled lizard.
The frilled lizard is heavily wounded.
The frilled lizard closely misses you. The frilled lizard bites you.
* * * LOW HITPOINT WARNING * * *
You miss the frilled lizard.
The frilled lizard is heavily wounded.
The frilled lizard bites you but does no damage.
You see here a rat corpse.
Things that are here:
a +0 dagger; a goblin corpse You barely miss the frilled lizard.
The frilled lizard is heavily wounded.
The frilled lizard closely misses you.
You closely miss the frilled lizard.
The frilled lizard is heavily wounded.
The frilled lizard misses you.
You closely miss the frilled lizard.
The frilled lizard is heavily wounded.
The frilled lizard closely misses you.
You closely miss the frilled lizard.
The frilled lizard is heavily wounded.
The frilled lizard misses you.
You hit the frilled lizard.
You kill the frilled lizard!
You closely miss the rat. The rat misses you.
You barely miss the rat. The rat bites you.
* * * LOW HITPOINT WARNING * * *
You hit the rat but do no damage. The rat bites you.
* * * LOW HITPOINT WARNING * * *
The rat misses you.
There is an open door here.
Casting: Magic Dart (safe; 2% risk of failure)
Confirm with . or Enter, or press ? or * to list all spells.
Aiming: Magic Dart (safe; 2% risk of failure)
Press: ? - help, Shift-Dir - straight line, f - rat
Aim: a rat (100% to hit)
The magic dart hits the rat but does no damage.
Casting: Magic Dart (safe; 2% risk of failure)
Confirm with . or Enter, or press ? or * to list all spells.
Aiming: Magic Dart (safe; 2% risk of failure)
Press: ? - help, Shift-Dir - straight line, f/p - rat
Aim: a rat (100% to hit)
The magic dart hits the rat.
You kill the rat!
Casting: Magic Dart (safe; 2% risk of failure)
Confirm with . or Enter, or press ? or * to list all spells.
Aiming: Magic Dart (safe; 2% risk of failure)
Press: ? - help, Shift-Dir - straight line, f - goblin
Aim: a goblin, wielding a +0 dagger (100% to hit)
The magic dart hits the goblin.
The goblin is severely wounded.
The goblin closely misses you.
Casting: Magic Dart (safe; 2% risk of failure)
Confirm with . or Enter, or press ? or * to list all spells.
Aiming: Magic Dart (safe; 2% risk of failure)
Press: ? - help, Shift-Dir - straight line, f/p - goblin
Aim: a goblin, wielding a +0 dagger (severely wounded, 100% to hit)
The magic dart hits the goblin.
You kill the goblin!
* * * LOW MAGIC WARNING * * *
The hobgoblin throws a stone.
The stone closely misses you.
You see here 3 stones.
The hobgoblin throws a stone.
The stone hits you.
* * * LOW HITPOINT WARNING * * *
The hobgoblin throws a stone.
The stone hits you but does no damage.
Casting: Magic Dart (safe; 2% risk of failure)
Confirm with . or Enter, or press ? or * to list all spells.
Aiming: Magic Dart (safe; 2% risk of failure)
Press: ? - help, Shift-Dir - straight line, f - hobgoblin
Aim: a hobgoblin, quivering stones (100% to hit)
The magic dart hits the hobgoblin but does no damage.
* * * LOW MAGIC WARNING * * *
The hobgoblin throws a stone.
The stone barely misses you.
You hit the hobgoblin.
The hobgoblin is severely wounded.
The hobgoblin hits you.
You die...

#...#.._..#..# ###.#8...8#..#
#)###.###..## #####
##...#.#...... ... ...#
#....#'#...... .#..
######.###.##.8.8......
.....#...##.....##..........
#...#.#........####........
.##.......#@....# ######.##
...........g..### #.# #
.........##.#.# #.# ##.
.....#....(#.###########.##
... #...
#........).........>..
..###.###.....#.#####.#.......
#.##.##.###....# #.#.......
#K#.#.###.....# #g#.......
...###...###...#..# #.########


You could see a hobgoblin.

Vanquished Creatures
  A ball python (D:1)
  A bat (D:1)
  An endoplasm (D:1)
  A giant cockroach (D:1)
  6 goblins (D:1)
  3 jackals (D:1)
  3 kobolds (D:1)
  2 frilled lizards (D:1)
  3 rats (D:1)
21 creatures vanquished.

Notes
Turn   | Place    | Note
-------+----------+-------------------------------------------
     0 | D:1      | sleeves the Demonspawn Conjurer began the quest for the
                  | Orb.
     0 | D:1      | Reached XP level 1. HP: 13/13 MP: 3/3
   225 | D:1      | Found a faded altar of an unknown god.
   268 | D:1      | Gained mutation: You have a somewhat thin skeletal
                  | structure. (Dex +2, Stealth+) [demonic ancestry]
   268 | D:1      | Reached XP level 2. HP: 19/19 MP: 1/5
   523 | D:1      | HP: 8/19 [frilled lizard (3)]
   543 | D:1      | HP: 7/19 [rat (2)]
   571 | D:1      | HP: 1/19 [hobgoblin/stone (5)]
   578 | D:1      | Slain by a hobgoblin

Illustrated notes

Levels and vault maps discovered:
D:1:      roderic_crossed_star, layout_basic,
          dreamdust_ecumenical_altar_angels_and_demons

Action                   || total
-------------------------++-------
Melee: Whip              ||    29
 Cast: Magic Dart        ||    39
Armor: Robe              ||     6
Dodge: Dodged            ||    24

Table legend: (Time is in decaauts)
 A = Elapsed time spent in this place.
 B = Non-inter-level travel time spent in this place.
 C = Inter-level travel time spent in this place.
 D = Time resting spent in this place.
 E = Time spent auto-exploring this place.
 F = Levels seen in this place.
 G = Mean time per level.
                   A        B        C        D        E       F      G
               +--------+--------+--------+--------+--------+-----+--------+
         Total |    580 |    580 |      0 |     24 |    392 |   1 |  580.0 |
       Dungeon |    580 |    580 |      0 |     24 |    392 |   1 |  580.0 |
               +--------+--------+--------+--------+--------+-----+--------+

Top non-repeatable levels by time:
     D:1: 580 daAuts
